 Dungeon Crawl Stone Soup version 0.25-a0-565-g8875c97ebb (webtiles) character file.

Game seed: 2097676080886318861, levelgen mode: deterministic

13 Flugslaktarn the Covered (level 2, -1/27 HPs)
             Began as a Deep Dwarf Fighter on Feb 26, 2020.
             Slain by an ogre
             ... wielding a +0 giant club
              (19 damage)
             ... on level 3 of the Dungeon.
             The game lasted 00:00:11 (329 turns).

Flugslaktarn the Covered (Deep Dwarf Fighter)        Turns: 329, Time: 00:00:12

Health: -1/27      AC:  6    Str: 19    XL:     2   Next: 24%
Magic:  2/2        EV:  7    Int:  8    God:
Gold:   28         SH:  9    Dex: 12    Spells: 1/1 levels left

rFire    . . .     SeeInvis .   a - +0 war axe
rCold    . . .     Gourm    .   c - +0 kite shield
rNeg     . . .     Faith    .   b - +0 scale mail
rPois    .         Spirit   .   (no helmet)
rElec    .         Reflect  .   (no cloak)
rCorr    .         Harm     .   (no gloves)
MR       .....                  (no boots)
Stlth    ..........             (no amulet)
HPRegen  0.00/turn              (no ring)
MPRegen  0.08/turn              (no ring)

@: non-regenerating
A: damage resistance, heal wounds, sense surroundings 1, no regeneration
a: Heal Wounds


You were on level 3 of the Dungeon.
You were not hungry.

You visited 1 branch of the dungeon, and saw 3 of its levels.

You collected 28 gold pieces.

Inventory:

Hand Weapons
 a - a +0 war axe (weapon)
Armour
 b - a +0 scale mail (worn)
 c - a +0 kite shield (worn)
Scrolls
 i - a scroll of remove curse {unknown}
Potions
 d - 2 potions of might
 f - 2 potions of curing {unknown}
 g - 2 potions of heal wounds {unknown}
 j - 2 potions of mutation {unknown}
Comestibles
 e - 3 rations
 h - 2 chunks of flesh


   Skills:
 + Level 2.8 Fighting
 * Level 2.6 Axes
 + Level 3.4 Armour
 + Level 3.4 Shields


You had one spell level left.
You didn't know any spells.
Your spell library was empty.

Dungeon Overview and Level Annotations

Branches:
Dungeon (3/15)

Altars:


Innate Abilities, Weirdness & Mutations

You are resistant to damage.
You can heal yourself by infusing magical energy.
You passively map a small area around you.
You do not regenerate.


Message History

You block the frilled lizard's attack. The ogre hits you but does no damage.
The frilled lizard unfolds its giant frill.
You block the frilled lizard's attack.
You slash the ogre!
The ogre is moderately wounded.
Your shield and scale mail prevent you from hitting the frilled lizard.
You block the ogre's attack.
The frilled lizard bites you but does no damage.
Some of the chunks of flesh in your inventory have rotted away.
Your shield and scale mail prevent you from hitting the ogre.
The ogre is moderately wounded.
You barely miss the frilled lizard. The ogre hits you with a +0 giant club.
You block the frilled lizard's attack. The frilled lizard closely misses you.
You hit the ogre.
The ogre is heavily wounded.
You barely miss the frilled lizard. You block the ogre's attack.
You block the frilled lizard's attack.
The ogre hits you with a +0 giant club!!
Ouch! That really hurt!
You die...

* , , #..,,,, * ,
#.#, .# * ,,,* #.#
#.## , * #.# , ... ,
* * #.#* ..# # ,
#.####..#.# #
########............
, #.........###O#..#
* #.#######...@l...#
* #.# #####....... ,
, #.# ,.....## *
#.##### *####.#
#.....# , ,# #####.#
* , ######.# , .. *
#......###....,
#.#.รท.........


You could see an ogre and a frilled lizard.

Vanquished Creatures
  A leopard gecko (D:3)
  2 bats
  A hobgoblin (D:2)
  4 jackals (D:1)
  A kobold (D:2)
  A rat (D:1)
10 creatures vanquished.

Notes
Turn   | Place    | Note
-------+----------+-------------------------------------------
     0 | D:1      | Flugslaktarn the Deep Dwarf Fighter began the quest for the
                  | Orb.
     0 | D:1      | Reached XP level 1. HP: 20/20 MP: 1/1
   173 | D:2      | Reached XP level 2. HP: 21/27 MP: 2/2
   323 | D:3      | Noticed an ogre
   329 | D:3      | Slain by an ogre

Levels and vault maps discovered:
D:1:      wander_arrival_peaceful_grave, layout_loops_corners,
          minmay_octomino_j4
D:2:      layout_loops_corners, marbit_many_paths, chequers_arboretum,
          minmay_misc_feat_encased, uniq_robin, uniq_sigmund
D:3:      layout_loops_cross, uniq_ijyb

Action                   || total
-------------------------++-------
Melee: War axe           ||    28
Armor: Scale mail        ||    16
Dodge: Dodged            ||    18
Block: Kite shield       ||    25

Table legend:
 A = Non-vault XP
 B = Vault XP
 C = Vault XP percentage of total XP
 D = Non-vault monster count
 E = Vault monster count
 F = Vault count percentage of total count
                 A         B        C        D         E       F
            +---------+---------+-------+---------+---------+-------
      Total |      17 |       2 |  10.5 |       9 |       1 |  10.0
            +---------+---------+-------+---------+---------+-------
        D:1 |       9 |       2 |  18.2 |       5 |       1 |  16.7
        D:2 |       5 |       0 |   0.0 |       3 |       0 |   0.0
        D:3 |       3 |       0 |   0.0 |       1 |       0 |   0.0
            +---------+---------+-------+---------+---------+-------
